 Dungeon Crawl Stone Soup version 0.32-a0-900-g30fb1b0edc (webtiles) character file.

Game seed: 15226269887604426211

12035 Autsider the Summoner (level 11, -13/56 HPs)
             Began as a Felid Summoner on Apr 5, 2024.
             Was an Elder of Kikubaaqudgha.
             Killed from afar by an acid dragon (21 damage)
             ... with a splash of acid
             ... on level 10 of the Dungeon.
             The game lasted 00:47:19 (10961 turns).

Autsider the Summoner (Felid Summoner)             Turns: 10961, Time: 00:47:20

Health: -13/56     AC:  2    Str:  4    XL:     11   Next: 57%
Magic:  15/22      EV: 26    Int: 22    God:    Kikubaaqudgha [****..]
Gold:   629        SH:  0    Dex: 18    Spells: 14/23 levels left
                                        Lives:  0   Deaths: 4

rFire   . . .        (weapon unavailable)
rCold   . . .        (shield unavailable)
rNeg    . . .        (body armour unavailable)
rPois   .            (helmet unavailable)
rElec   .            (cloak unavailable)
rCorr   .            (gloves unavailable)
SInv    +            (boots unavailable)
Will    +....        (no amulet)
Stlth   ++++         k - +5 ring of evasion
HPRegen 0.29/turn    x - +4 ring of protection
MPRegen 0.18/turn

%: no passive effects
@: corroded
A: very small, claws 1, fangs 3, see invisible, shaggy fur 2, stealthy paws, no
weapons or thrown items, no armour, multi-lived
a: Renounce Religion, Unearth Wretches


You were on level 10 of the Dungeon.
You worshipped Kikubaaqudgha.
Kikubaaqudgha was greatly pleased with you.
You visited 2 branches of the dungeon, and saw 11 of its levels.

You collected 629 gold pieces.

Inventory:

Jewellery
 f - a +4 ring of protection
 k - a +5 ring of evasion (left paw)
 l - a ring of magical power
 u - an amulet of guardian spirit
 w - a +6 ring of dexterity
 x - a +4 ring of protection (right paw)
 A - a +6 ring of strength
Wands
 h - a wand of charming (20)
 n - a wand of quicksilver (10)
 o - a wand of mindburst (7)
 q - a wand of iceblast (15)
 v - a wand of flame (33)
 B - a wand of polymorph (6)
Scrolls
 c - a scroll of immolation
 d - a scroll of poison
 e - 8 scrolls of teleportation {@r2}
 i - 3 scrolls of fear
 r - 2 scrolls of identify {@r1}
Potions
 a - a potion of magic
 b - 4 potions of heal wounds {@q2}
 g - 5 potions of curing {@q1}
 j - 4 potions of ambrosia
 m - 4 potions of lignification {unknown}
 p - 4 potions of haste {unknown}
 s - a potion of resistance {unknown}
 t - a potion of brilliance {unknown}


   Skills:
 + Level 6.2 Fighting
 + Level 8.2 Dodging
 + Level 8.9 Stealth
 + Level 6.7 Spellcasting
 + Level 10.6 Summonings
 + Level 1.3 Necromancy
 - Level 3.3 Translocations
 - Level 5.0 Fire Magic
 - Level 6.4 Air Magic


You had 14 spell levels left.
You knew the following spells:

 Your Spells              Type           Power      Damage    Failure   Level
b - Summon Blazeheart Go  Fire/Summ      41%        N/A       3%          4
c - Summon Lightning Spi  Summ/Air       45%        N/A       2%          4
x - Summon Small Mammal   Summ           100%       N/A       1%          1

Your spell library contained the following spells:

 Spells                   Type           Power      Damage    Failure   Level
 Call Imp                 Summ           100%       N/A       1%          2
 Call Canine Familiar     Summ           52%        N/A       1%          3
 Swiftness                Air            35%        N/A       1%          3
 Static Discharge         Conj/Air       42%        3-5/arc   3%          2
 Necrotise                Necr           52%        1d6       4%          1
 Airstrike                Air            17%        2d(3-19)  6%          4
 Sublimation of Blood     Necr           13%        N/A       8%          2
 Martyr's Knell           Necr/Summ      33%        N/A       8%          4
 Ensorcelled Hibernation  Hex/Ice        14%        N/A       13%         2
 Fugue of the Fallen      Necr           13%        N/A       16%         3
 Vampiric Draining        Necr           13%        2d6       16%         3
 Passage of Golubria      Tloc           22%        N/A       22%         4
 Passwall                 Erth           7%         N/A       26%         3
 Silence                  Hex/Air        10%        N/A       52%         5
 Anguish                  Hex/Necr       5%         N/A       54%         4
 Summon Hydra             Summ           26%        N/A       67%         7
 Curse of Agony           Necr           13%        N/A       80%         5
 Borgnjor's Vile Clutch   Necr/Erth      5%         N/A       87%         5
 Lehudib's Crystal Spear  Conj/Erth      3%         10d3      100%        8


Dungeon Overview and Level Annotations

Branches:
Dungeon (10/15)            Temple (1/1) D:5             Orc (0/2) D:9
   Lair: D:8-11

Altars:
Ashenzari
Cheibriados
Dithmenos
Elyvilon
Fedhas
Gozag
Hepliaklqana
Kikubaaqudgha
Makhleb
Nemelex Xobeh
Okawaru
Qazlal
Ru
Sif Muna
Trog
Uskayaw
Vehumet
Wu Jian
Xom
Yredelemnul
Zin
The Shining One

Shops:
D:7 *   D:8 *   D:9 [

Annotations:
D:3 exclusion: 2 downstairs
D:4 exclusion: 2 downstairs
D:6 exclusion: 2 downstairs
D:7 exclusion: downstairs
D:9 1 runed translucent door


Innate Abilities, Weirdness & Mutations

You have sharp claws.
You have razor-sharp teeth.
You have supernaturally acute eyesight. (SInv)
You are covered in thick fur. (AC +2)
Your paws help you pounce on unaware monsters.
You are incapable of wielding weapons or throwing items.
You cannot wear armour.
You gain extra lives every three experience levels.


Message History

The komodo dragon bites your blazeheart golem!!
Your blazeheart golem punches the komodo dragon!!
Your blazeheart golem falls apart, revealing its core!
Your blazeheart core explodes!
The fiery explosion engulfs the komodo dragon!!
You kill the komodo dragon!
Kikubaaqudgha accepts your kill.
You hear an angry hiss. x2
You start resting.
Magic restored.
An acid dragon comes into view.
You see here a komodo dragon corpse.
Casting: Summon Blazeheart Golem (dangerous; 3% risk of failure)
Confirm with . or Enter, or press ? or * to list all spells.
A fiery spirit appears, bound in slag iron.
The acid dragon roars!
A basilisk comes into view.
Your blazeheart golem barely misses the acid dragon.
The acid dragon spits acid at you. The splash of acid hits you!!
* * * LOW HITPOINT WARNING * * *
The basilisk gazes at you. You resist with almost no effort.
Your blazeheart golem punches the acid dragon but does no damage.
Your blazeheart golem's core grows cold and it stops moving.
You hear an angry hiss.
The acid dragon spits acid at you. The splash of acid hits you!!
* * * LOW HITPOINT WARNING * * *
The acid corrodes you!
You see here a komodo dragon corpse.
Casting: Summon Blazeheart Golem (dangerous; 3% risk of failure)
Confirm with . or Enter, or press ? or * to list all spells.
A fiery spirit appears, bound in slag iron.
Your blazeheart golem disappears in a puff of smoke!
A wyvern comes into view.
The acid dragon spits acid at you. The splash of acid hits you!!
You die...
Kikubaaqudgha rasps: You have failed me!
Welcome... death!

.................................
.................†...............
.................................
.................................
.......................#.........
......................###........
#################################
##########.# ##.†.@†.D..###.# ##
##...9###.§l..... .#####
####..#### ##§..k...
.....###...### .#####.
#.###...#### ## ### ##### #
####################


You could see a basilisk, a wyvern (wandering), an acid dragon (catching breath,
ally target) and a friendly blazeheart golem (summoned).

Vanquished Creatures
  Erica (D:9)
  Pikel (D:4)
  An ugly thing (D:10)
  A komodo dragon (D:10)
  A troll (D:9)
  11 yaks
  2 steam dragons (D:7)
  A water moccasin (D:7)
  2 black bears
  2 ice beasts
  2 orc warriors
  A sky beast (D:7)
  2 ogres
  2 centaurs
  A lemure (D:4)
  A phantom (D:4)
  4 kobold brigands (D:9)
  A bullfrog (D:7)
  A gnoll sergeant (D:9)
  A scorpion (D:7)
  A wight (D:4)
  A killer bee (D:8)
  A howler monkey (D:8)
  An orc priest (D:6)
  A gnoll bouda (D:9)
  4 orc wizards
  5 gnolls (D:9)
  8 orcs
  2 ball pythons
  2 endoplasms
  A quokka (D:1)
  A bat (D:2)
  2 rats (D:2)
69 creatures vanquished.

Vanquished Creatures (collateral kills)
  5 trolls
  Grinder (D:5)
  Sigmund (D:5)
  5 yaks
  A wraith (D:10)
  A basilisk (D:10)
  2 water moccasins
  2 orc warriors
  2 ice beasts
  2 ogres
  A sky beast (D:6)
  The ghost of Swamplord the Chopper, an amateur MDRe (D:3)
  A centaur (D:6)
  A phantom (D:6)
  A lemure (D:4)
  6 kobold brigands
  6 bullfrogs
  2 scorpions
  4 wights
  11 killer bees (D:8)
  5 crimson imps (D:8)
  Crazy Yiuf (D:4)
  2 bombardier beetles
  5 hounds
  2 jellies (D:7)
  4 orc priests
  A gnoll bouda (D:7)
  2 sleepcaps
  7 orc wizards
  14 gnolls
  5 adders
  2 shadow imps
  3 white imps (D:8)
  2 ufetubi (D:6)
  3 dart slugs
  A ribbon worm (D:2)
  32 orcs
  8 endoplasms
  A giant cockroach (D:1)
  9 goblins
  7 hobgoblins
  6 quokkas
  6 ball pythons
  2 bats
  2 frilled lizards
  19 kobolds
  4 rats
211 creatures vanquished.

Vanquished Creatures (others)
  39 blazeheart cores
39 creatures vanquished.

Grand Total: 319 creatures vanquished

Notes
Turn   | Place    | Note
-------+----------+-------------------------------------------
     0 | D:1      | Autsider the Felid Summoner began the quest for the Orb.
     0 | D:1      | Reached XP level 1. HP: 9/9 MP: 4/4
   102 | D:1      | Reached skill level 1 in Fighting
   169 | D:1      | Reached XP level 2. HP: 15/15 MP: 3/6
   938 | D:2      | Reached XP level 3. HP: 18/18 MP: 5/7
   942 | D:2      | Learned a level 3 spell: Call Canine Familiar
  1450 | D:2      | Reached skill level 5 in Summonings
  1590 | D:2      | Reached XP level 4. HP: 23/23 MP: 8/8
  1590 | D:2      | Gained a life (2 lives remaining)
  1730 | D:3      | Found a sacrificial altar of Ru.
  2178 | D:3      | Found a runed translucent door.
  2178 | D:3      | Noticed Swamplord's ghost (amateur MDRe)
  2248 | D:3      | Found a faded altar of an unknown god.
  2573 | D:5      | Entered Level 5 of the Dungeon
  2620 | D:4      | Reached skill level 6 in Summonings
  2620 | D:4      | Reached XP level 5. HP: 19/26 MP: 9/9
  2731 | D:4      | Mangled by a wight
  2731 | D:4      | Lost a life (1 life remaining)
  3028 | D:4      | Reached skill level 7 in Summonings
  3028 | D:4      | Gained mutation: You are covered in thick fur. (AC +2)
                  | [Felid growth]
  3028 | D:4      | Reached XP level 6. HP: 30/30 MP: 10/10
  3171 | D:4      | Found a snail-covered altar of Cheibriados.
  3610 | D:5      | Learned a level 4 spell: Summon Blazeheart Golem
  3612 | D:5      | Reached skill level 8 in Summonings
  3612 | D:5      | Reached skill level 1 in Fire Magic
  3612 | D:5      | Reached XP level 7. HP: 35/35 MP: 11/11
  3612 | D:5      | Gained a life (2 lives remaining)
  3821 | D:5      | Noticed Grinder
  3946 | D:4      | Noticed Pikel
  3999 | D:4      | Killed Pikel
  4000 | D:4      | Reached skill level 5 in Fire Magic
  4000 | D:4      | Reached XP level 8. HP: 39/39 MP: 11/12
  4126 | D:4      | Found a runed translucent door.
  4127 | D:4      | Noticed Crazy Yiuf
  4135 | D:4      | Killed Crazy Yiuf
  4254 | D:5      | Found a faded altar of an unknown god.
  4254 | D:5      | Found a faded altar of an unknown god.
  4288 | D:5      | Found a sparkling altar of Nemelex Xobeh.
  4292 | D:5      | Found an iron altar of Okawaru.
  4294 | D:5      | Found a burning altar of Makhleb.
  4610 | D:5      | Found a basalt altar of Yredelemnul.
  4617 | D:5      | Noticed Sigmund
  4627 | D:5      | Killed Sigmund
  4637 | D:5      | Engulfed by a cloud of flame
  4637 | D:5      | Lost a life (1 life remaining)
  4695 | D:5      | Found a hide-covered altar of Uskayaw.
  4749 | D:5      | Found a staircase to the Ecumenical Temple.
  4785 | Temple   | Entered the Ecumenical Temple
  4798 | Temple   | Became a worshipper of Kikubaaqudgha
  4898 | D:5      | Killed Grinder
  4899 | D:5      | Reached skill level 9 in Summonings
  4899 | D:5      | Reached XP level 9. HP: 42/42 MP: 16/16
  5017 | D:3      | Killed Swamplord's ghost
  5887 | D:6      | Reached * piety under Kikubaaqudgha
  5887 | D:6      | Received a gift from Kikubaaqudgha
  6422 | D:7      | Reached skill level 1 in Translocations
  6501 | D:7      | Reached skill level 5 in Stealth
  6712 | D:7      | Found Dobaol's Elemental Accessories.
  6866 | D:7      | Killed by an exploding blazeheart core
  6866 | D:7      | Lost a life (0 lives remaining)
  6867 | D:7      | Reached skill level 5 in Dodging
  6867 | D:7      | Reached skill level 5 in Spellcasting
  6867 | D:7      | Reached skill level 5 in Air Magic
  6885 | D:7      | Reached XP level 10. HP: 49/49 MP: 18/18
  6885 | D:7      | Gained a life (1 life remaining)
  6922 | D:7      | Killed from afar by a steam dragon
  6922 | D:7      | Lost a life (0 lives remaining)
  7121 | D:8      | Found a white marble altar of Elyvilon.
  7132 | D:8      | Learned a level 4 spell: Summon Lightning Spire
  7858 | D:7      | Reached ** piety under Kikubaaqudgha
  7997 | D:7      | You fall into a shaft and drop 1 floor!
  8549 | D:8      | Reached skill level 5 in Fighting
  8549 | D:8      | Reached skill level 10 in Summonings
  8745 | D:8      | Found Suehierhi's Fire Supplies.
  9223 | D:9      | Found Haomeppo's Armour Shoppe.
  9428 | D:9      | Found a staircase to the Orcish Mines.
  9436 | D:9      | Reached *** piety under Kikubaaqudgha
  9436 | D:9      | Received a gift from Kikubaaqudgha
  9437 | D:9      | Reached XP level 11. HP: 56/56 MP: 17/21
  9644 | D:9      | Noticed Erica
  9654 | D:9      | Killed Erica
 10041 | D:9      | Found a runed translucent door.
 10297 | D:10     | Entered Level 10 of the Dungeon
 10336 | D:10     | Found a hazy altar of Hepliaklqana.
 10340 | D:10     | Reached **** piety under Kikubaaqudgha
 10778 | D:10     | Noticed a brown ugly thing
 10793 | D:10     | Killed a brown ugly thing
 10794 | D:10     | Reached skill level 1 in Necromancy
 10961 | D:10     | Killed from afar by an acid dragon

Illustrated notes

Levels and vault maps discovered:
D:1:      dpeg_arrival_three_smaller_balls, layout_rooms,
          minmay_misc_feat_tower, grunt_decor_arrowhead
D:2:      layout_loops_cross, grunt_ministairs_3, kennysheep_generic_room_13
D:3:      layout_loops_ring, hangedman_ru_absence, gammafunk_ghost_grave,
          shapermc_ecumenical_altar_mp_vishouse, dreamdust_wishing_well
D:4:      layout_rooms, slow_altar_1, minmay_parallelograms, uniq_pikel,
          uniq_crazy_yiuf_cottage
D:5:      black_bear_nest_1, layout_rooms, mainiacjoe_overflow_two_lobes,
          chequers_temple_overflow_minitemple, minmay_temple_entry_mist,
          uniq_sigmund, uniq_grinder
D:6:      layout_loops_corners, hangedman_abyss_or_decor_passed,
          chequers_serial_rivers_micro_b
D:7:      layout_layer_cave, blue_anna_alchemist, nicolae_elemental_shop,
          minmay_alternating_orb
D:8:      layout_cave_pools, nicolae_elyvilon_temple_path, enter_bailey_3,
          nicolae_shop_fire_sale [nicolae_sub_dead_trees], minmay_nine_imps
D:9:      gammafunk_indiana_jones, layout_long_grid,
          kennysheep_orc_monster_closet_entryway, serial_shops, shop, uniq_erica
D:10:     layout_big_octagon, mainiacjoe_overflow_concentric_impassable,
          erik_lair_dragon
Temple:   dshaligram_water_room_temple

Skill      XL: |  1  2  3  4  5  6  7  8  9 10 11 |
---------------+----------------------------------+-----
Fighting       | 1 2 3 5 6 |  6.2
Summonings     | 5 6 7 8 9 10 | 10.6
Fire Magic     | 1 5 |  5.0
Air Magic      | 2 4 5 6 |  6.4
Spellcasting   | 4 5 6 |  6.7
Dodging        | 3 5 7 8 |  8.2
Stealth        | 3 5 7 8 |  8.9
Translocations | 2 3 |  3.3
Necromancy     | 1 |  1.3

Action                     |  1- 3 |  4- 6 |  7- 9 | 10-12 || total
---------------------------+-------+-------+-------+-------++-------
  Melee: Unarmed           |    24 |    25 |     6 |    33 ||    88
         Bite              |     3 |     2 |     1 |     7 ||    13
         Punch             |       |       |       |     1 ||     1
   Cast: Summon Small Mamm |    37 |    24 |       |       ||    61
         Call Canine Famil |     6 |    35 |    23 |     6 ||    70
         Summon Blazeheart |       |     1 |    29 |    36 ||    66
         Summon Lightning  |       |       |       |    43 ||    43
    Use: Scroll            |     1 |     3 |     5 |     6 ||    15
   Stab: Sleeping          |     3 |     1 |       |       ||     4
         Distracted        |       |       |       |     1 ||     1
 Armour: Skin              |    11 |    15 |    18 |    37 ||    81
  Dodge: Dodged            |    24 |    77 |    84 |   114 ||   299

Table legend: (Time is in decaauts)
 A = Elapsed time spent in this place.
 B = Non-inter-level travel time spent in this place.
 C = Inter-level travel time spent in this place.
 D = Time resting spent in this place.
 E = Time spent auto-exploring this place.
 F = Levels seen in this place.
 G = Mean time per level.
                   A        B        C        D        E       F      G
               +--------+--------+--------+--------+--------+-----+--------+
         Total |  10976 |  10209 |    767 |    899 |   6404 |  11 |  997.8 |
       Dungeon |  10950 |  10208 |    742 |    899 |   6404 |  10 | 1095.0 |
        Temple |     26 |      1 |     25 |      0 |      0 |   1 |   26.0 |
               +--------+--------+--------+--------+--------+-----+--------+

Top non-repeatable levels by time:
     D:7: 1747 daAuts
     D:4: 1323 daAuts
     D:6: 1269 daAuts
     D:8: 1188 daAuts
     D:5: 1069 daAuts
     D:3: 998 daAuts
     D:9: 992 daAuts
     D:2: 909 daAuts
     D:1: 787 daAuts
    D:10: 663 daAuts
  Temple: 26 daAuts
